[Event "Titled Tuesday Blitz January 25 2022"]
[White "Izoria, Zviad"]
[Black "Grafil, Franz Robert"]
[WhiteFideId "13601733"]
[BlackFideId "5205298"]
[WhiteElo "2626"]
[BlackElo "2211"]
[Result "1-0"]
[Round "02"]
[TimeControl "180+1"]
[Date "2022.01.26"]
[WhiteClock "0:01:38"]
[BlackClock "0:01:01"]

1. c4 c5 2. Nf3 Nf6 3. Nc3 e6 4. e3 Be7 5. d4 cxd4 6. exd4 d5 7. cxd5 exd5 8. Bb5+ Bd7 9. Bxd7+ Nbxd7 10. Qb3 O-O 11. O-O Nb6 12. Re1 Re8 13. Bg5 Ne4 14. Nxe4 dxe4 15. Rxe4 Bxg5 16. Rxe8+ Qxe8 17. Nxg5 Rd8 18. Qd3 g6 19. g3 Qa4 20. Qf3 Rd7 21. Re1 Qxd4 22. Re8+ Kg7 23. Ne6+ 1-0


[Site "https://www.chess.com"]

[Event "Titled Tuesday Blitz January 25 2022"]
[White "Jacobson, Aaron"]
[Black "Concio, Michael Jr."]
[WhiteFideId "2089912"]
[BlackFideId "5217873"]
[WhiteElo "2265"]
[BlackElo "1896"]
[Result "1-0"]
[Round "02"]
[TimeControl "180+1"]
[Date "2022.01.26"]
[WhiteClock "0:00:07"]
[BlackClock "0:00:02"]

1. e4 c6 2. d4 d5 3. exd5 cxd5 4. Nf3 Nc6 5. Ne5 Nf6 6. c3 e6 7. Bd3 Be7 8. Qe2 Nxe5 9. dxe5 Nd7 10. Nd2 Qc7 11. Nf3 Nc5 12. O-O Nxd3 13. Qxd3 O-O 14. Re1 h6 15. Bf4 Bd7 16. Nd4 Rac8 17. Re3 Qc4 18. Qd2 g5 19. Bg3 Bc5 20. b3 Qa6 21. h4 Kh8 22. hxg5 hxg5 23. Bh2 Rg8 24. Rh3+ Kg7 25. Qxg5+ Kf8 26. Qh6+ Ke8 27. Qh7 Rf8 28. Bf4 Bxd4 29. cxd4 Qe2 30. Bh6 Rc2 31. Rf1 Bb5 32. Qg7 Qxf1+ 33. Kh2 Rxf2 34. Qxf8+ Kd7 35. Qd6+ Kc8 36. Rg3 Be8 37. Rg8 Qb5 38. Qe7 Qd7 39. Rxe8+ Kc7 40. Qc5+ Qc6 41. Re7+ Kd8 42. Qxc6 bxc6 43. Rxa7 Kc8 44. Ra6 Kb7 45. Ra4 Rf1 46. Bg5 Rd1 47. Bf6 Rd2 48. Kh3 Kb6 49. g4 Kb5 50. Kh4 Rh2+ 51. Kg5 Rh1 52. Ra7 Rh7 53. Rb7+ Ka6 54. Rb8 Ka7 55. Rb4 Rh1 56. Be7 Rf1 57. Bc5+ Ka6 58. Rb6+ Ka5 59. b4+ Ka4 60. Rxc6 1-0


[Site "https://www.chess.com"]

[Event "Titled Tuesday Blitz January 25 2022"]
[White "Jaracz, Pawel"]
[Black "Kashefi, Amir Hosein"]
[WhiteFideId "1102222"]
[BlackFideId "12557935"]
[WhiteElo "2429"]
[BlackElo "2098"]
[Result "1-0"]
[Round "02"]
[TimeControl "180+1"]
[Date "2022.01.26"]
[WhiteClock "0:00:58"]
[BlackClock "0:00:07"]

1. d4 d5 2. c4 c6 3. Nf3 Nf6 4. Qc2 g6 5. Bf4 Bg7 6. e3 O-O 7. Nbd2 a6 8. Bd3 b5 9. c5 a5 10. O-O Ba6 11. a3 Nbd7 12. b4 Bb7 13. Nb3 a4 14. Na5 Ra7 15. h3 Re8 16. Ne5 Nxe5 17. Bxe5 Ba8 18. f4 Nd7 19. Bxg7 Kxg7 20. e4 dxe4 21. Bxe4 Nf6 22. Rad1 Nxe4 23. Qxe4 e6 24. Nxc6 Qc7 25. d5 Bxc6 26. dxc6 Ra6 27. Rd6 Rc8 28. Qe5+ Kg8 29. f5 exf5 30. Qd5 Rxc6 31. Rd7 1-0


[Site "https://www.chess.com"]

[Event "Titled Tuesday Blitz January 25 2022"]
[White "Jones, Gawain C B"]
[Black "Tanenbaum, Zachary"]
[WhiteFideId "409561"]
[BlackFideId "2060850"]
[WhiteElo "2657"]
[BlackElo "2168"]
[Result "1-0"]
[Round "02"]
[TimeControl "180+1"]
[Date "2022.01.26"]
[WhiteClock "0:00:07"]
[BlackClock "0:00:03"]

1. e4 e5 2. Nf3 Nc6 3. c3 Nf6 4. d4 Nxe4 5. d5 Ne7 6. Nxe5 Ng6 7. Nxg6 hxg6 8. Bd3 Nf6 9. c4 Bc5 10. O-O d6 11. Re1+ Kf8 12. Bg5 Bf5 13. Bxf5 gxf5 14. Nc3 c6 15. Qf3 g6 16. dxc6 bxc6 17. Rad1 Kg7 18. Na4 Bb4 19. Re2 Qa5 20. Bxf6+ Kxf6 21. Qxc6 Rac8 22. Qd5 Qxa4 23. Qd4+ Kg5 24. Rd3 f4 25. g3 fxg3 26. Rxg3+ Kh6 27. Rh3+ Kg5 28. Rg3+ Kh6 29. b3 Qd7 30. Re4 g5 31. Qf6+ Kh7 32. Rh4+ gxh4 33. Qg7# 1-0


[Site "https://www.chess.com"]

[Event "Titled Tuesday Blitz January 25 2022"]
[White "Kalogeris, Ioannis"]
[Black "Martinez Alcantara, Jose Eduardo"]
[WhiteFideId "4239563"]
[BlackFideId "3805662"]
[WhiteElo "2291"]
[BlackElo "2690"]
[Result "0-1"]
[Round "02"]
[TimeControl "180+1"]
[Date "2022.01.26"]
[WhiteClock "0:00:01"]
[BlackClock "0:00:22"]

1. e4 c5 2. Nf3 d6 3. Nc3 Nf6 4. Bc4 e6 5. O-O Be7 6. d3 O-O 7. a4 Nc6 8. Bf4 b6 9. Nd2 Bb7 10. Ba2 Nb4 11. Bb1 d5 12. e5 Nd7 13. Ne2 d4 14. c3 Nd5 15. Bg3 dxc3 16. bxc3 Nb8 17. d4 cxd4 18. cxd4 Nc6 19. Qc2 g6 20. Qe4 Na5 21. Qg4 Rc8 22. Ne4 h5 23. Qh3 h4 24. Bf4 Nxf4 25. Nxf4 Qxd4 26. Qg4 Bxe4 27. Nxg6 fxg6 28. Bxe4 Qxe5 29. Qxg6+ Qg7 30. Qxe6+ Kh8 31. Rad1 Qf6 32. Qg4 Rc5 33. Bd5 Qg5 34. Qe6 Qf6 35. Qg4 Qg5 36. Qe6 Bf6 37. Be4 Re5 38. Qd6 Be7 39. Qd3 Qg7 40. Kh1 Rc5 41. f4 Nc4 42. Qf3 Nd6 43. Bd5 Nf5 44. Qh5+ Qh6 45. Qg4 Ne3 46. Qd7 Nxf1 47. Rxf1 Qd6 48. Qg4 Rxd5 0-1


[Site "https://www.chess.com"]

[Event "Titled Tuesday Blitz January 25 2022"]
[White "Karttunen, Mika"]
[Black "Siddharth, Jagadeesh"]
[WhiteFideId "502081"]
[BlackFideId "5818320"]
[WhiteElo "2343"]
[BlackElo "2127"]
[Result "0-1"]
[Round "02"]
[TimeControl "180+1"]
[Date "2022.01.26"]
[WhiteClock "0:00:10"]
[BlackClock "0:00:19"]

1. d4 d5 2. c4 dxc4 3. e3 Nf6 4. Bxc4 e6 5. Nf3 c5 6. O-O a6 7. Qe2 b5 8. Bb3 Bb7 9. Rd1 Nbd7 10. a4 b4 11. Nbd2 Qc7 12. a5 Be7 13. Nc4 O-O 14. Nfe5 cxd4 15. exd4 Bd5 16. Bg5 Rfe8 17. Ba4 Nxe5 18. Nxe5 Rec8 19. h3 Ne4 20. Be3 Nd6 21. Rdc1 Qxa5 22. Bc6 Qb6 23. Bxa8 Rxa8 24. Qc2 f6 25. Nd7 Qb7 26. Nc5 Qc6 27. f3 a5 28. Bf2 Nf5 29. Qa4 Qb6 30. Nd7 Qd6 31. Nc5 Rd8 32. Qxa5 Qf4 33. Qxb4 Bd6 34. Qc3 Qh2+ 35. Kf1 Ng3+ 36. Bxg3 Bxg3 37. Ne4 Qh1+ 38. Ke2 Qxg2+ 39. Ke3 Bxe4 40. fxe4 Qf2+ 41. Kd3 Be5 42. Ra4 Bf4 43. Rd1 Qf3+ 44. Kc2 Qe2+ 45. Rd2 Bxd2 46. Qxd2 Rc8+ 47. Kb3 Qxd2 0-1


[Site "https://www.chess.com"]

[Event "Titled Tuesday Blitz January 25 2022"]
[White "Kim, Sergey"]
[Black "Andreikin, Dmitry"]
[WhiteFideId "13700570"]
[BlackFideId "4158814"]
[WhiteElo "2609"]
[BlackElo "2736"]
[Result "1/2-1/2"]
[Round "02"]
[TimeControl "180+1"]
[Date "2022.01.26"]
[WhiteClock "0:00:37"]
[BlackClock "0:01:13"]

1. d4 Nf6 2. c4 c5 3. d5 e6 4. Nc3 d6 5. e4 a6 6. a4 g6 7. Nge2 Bg7 8. Ng3 h5 9. Be2 h4 10. Nf1 h3 11. g4 e5 12. Ng3 Nh7 13. O-O Qh4 14. f3 Nd7 15. Be3 Bh6 16. Bf2 Qe7 17. a5 Bf4 18. Kh1 Ng5 19. Na4 Rb8 20. Ra3 Nf6 21. b4 cxb4 22. Rb3 O-O 23. Rxb4 Bd7 24. Nb6 Bxg4 25. fxg4 Nfxe4 26. Nxe4 Nxe4 27. Bf3 Nxf2+ 28. Rxf2 Be3 29. Rf1 e4 30. Be2 Bc5 31. Rb3 e3 32. Rf3 Qe4 33. Qf1 Qxg4 34. Qxh3 Qxh3 35. Rxh3 Rbd8 36. Kg2 Kg7 37. Na4 Bd4 38. Rd3 Be5 39. Rdxe3 1/2-1/2


[Site "https://www.chess.com"]

[Event "Titled Tuesday Blitz January 25 2022"]
[White "Kislinsky, Alexey"]
[Black "Bauer, Thomas"]
[WhiteFideId "14108801"]
[BlackFideId "1639293"]
[WhiteElo "2335"]
[BlackElo "2220"]
[Result "1-0"]
[Round "02"]
[TimeControl "180+1"]
[Date "2022.01.26"]
[WhiteClock "0:00:31"]
[BlackClock "0:00:02"]

1. e4 d5 2. exd5 Qxd5 3. Nc3 Qd8 4. d4 Nf6 5. Bd3 g6 6. Bg5 Bg7 7. Qd2 c6 8. Nge2 Qb6 9. O-O-O h6 10. Bf4 a5 11. h4 h5 12. Kb1 Be6 13. f3 Nbd7 14. Rhe1 a4 15. a3 Qa5 16. Ne4 Nxe4 17. Bxe4 Qxd2 18. Bxd2 Nf6 19. Bd3 Nd5 20. c3 Bf5 21. Bxf5 gxf5 22. Nf4 e6 23. c4 Nb6 24. d5 e5 25. dxc6 bxc6 26. c5 Nc4 27. Bc3 Rb8 28. Kc2 Kf8 29. Nd3 f6 30. Nb4 Rb5 31. Nxc6 Rxc5 32. Bb4 Ne3+ 33. Kb1 Nxd1 34. Rxd1 Kf7 35. Bxc5 Rc8 36. Rd7+ 1-0


[Site "https://www.chess.com"]

[Event "Titled Tuesday Blitz January 25 2022"]
[White "Klekowski, Maciej"]
[Black "Demin, Vladimir"]
[WhiteFideId "1132717"]
[BlackFideId "4167457"]
[WhiteElo "2538"]
[BlackElo "2506"]
[Result "0-1"]
[Round "02"]
[TimeControl "180+1"]
[Date "2022.01.26"]
[WhiteClock "0:00:07"]
[BlackClock "0:00:12"]

1. Nf3 d5 2. b3 Bg4 3. e3 Nd7 4. h3 Bh5 5. Bb2 Ngf6 6. c4 e6 7. Nc3 c6 8. Be2 Be7 9. O-O O-O 10. d4 h6 11. Re1 Ne4 12. Nxe4 dxe4 13. Nd2 Bxe2 14. Qxe2 f5 15. f3 exf3 16. Qxf3 Bb4 17. Re2 Nf6 18. Rf1 Qa5 19. Nb1 Ne4 20. a3 Bd6 21. Rd1 Bb8 22. Nd2 Qc7 23. Nf1 Qf7 24. Nd2 Qc7 25. Nf1 Ng5 26. Qf2 Qf7 27. Nd2 Qg6 28. Kh1 Qh5 29. Rde1 Ne4 30. Nxe4 fxe4 31. Qg1 Bg3 32. Bc3 Rf7 33. Bb4 a5 34. Bc5 Rb8 35. a4 b6 36. Ba3 Rbb7 37. Rd2 Bxe1 38. Qxe1 Rf5 39. Qg3 Rbf7 40. Kh2 Rg5 41. Qe1 Qg6 42. c5 bxc5 43. Bxc5 Kh7 44. Re2 Rgf5 45. Bd6 Qg5 46. Bg3 Rf1 47. Qc3 Qh5 48. Qc2 Ra1 49. Qxe4+ Kh8 50. Rf2 Qd1 51. Bh4 Qg1+ 0-1


[Site "https://www.chess.com"]

[Event "Titled Tuesday Blitz January 25 2022"]
[White "Kollars, Dmitrij"]
[Black "Marczuk, Dominik"]
[WhiteFideId "12909572"]
[BlackFideId "1111264"]
[WhiteElo "2584"]
[BlackElo "1912"]
[Result "1-0"]
[Round "02"]
[TimeControl "180+1"]
[Date "2022.01.26"]
[WhiteClock "0:02:04"]
[BlackClock "0:00:12"]

1. Nf3 Nf6 2. g3 g6 3. Bg2 Bg7 4. O-O O-O 5. d4 d6 6. a4 Nbd7 7. a5 a6 8. Nc3 e5 9. e4 exd4 10. Nxd4 Nc5 11. h3 Re8 12. Re1 Ne6 13. Be3 Nxd4 14. Bxd4 Be6 15. Qd2 Qd7 16. Kh2 Rad8 17. Rad1 c5 18. Be3 Qc7 19. Bg5 Qxa5 20. Bxf6 Bxf6 21. Nd5 Qxd2 22. Nxf6+ 1-0


[Site "https://www.chess.com"]

[Event "Titled Tuesday Blitz January 25 2022"]
[White "Kosakowski, Jakub"]
[Black "Romanchuk, Viktor"]
[WhiteFideId "1185080"]
[BlackFideId "14109271"]
[WhiteElo "2476"]
[BlackElo "2242"]
[Result "0-1"]
[Round "02"]
[TimeControl "180+1"]
[Date "2022.01.26"]
[WhiteClock "0:00:42"]
[BlackClock "0:00:58"]

1. d4 d5 2. Nf3 Nf6 3. Bf4 c5 4. e3 Nc6 5. c3 Qb6 6. Qb3 c4 7. Qc2 Bf5 8. Qc1 e6 9. Nbd2 Be7 10. b3 Qa5 11. bxc4 Ba3 12. Nb3 Bxc1 13. Nxa5 Bb2 14. Nxc6 Bxa1 15. Nce5 Bxc3+ 16. Kd1 dxc4 17. Bxc4 O-O 18. Ke2 Rac8 19. h3 h6 20. Bb3 a6 21. Nc4 Bb4 22. Nd6 Bxd6 23. Bxd6 Rfd8 24. Bb4 Bc2 25. Ba5 Bxb3 26. axb3 Rc2+ 27. Kd3 Rdc8 28. Nd2 Ra2 29. Bb4 Nd5 30. Bd6 Rcc2 31. Rd1 Rc3+ 32. Ke4 Rc6 33. Ke5 Nc3 34. Rc1 Rxd2 35. Bb4 Rd3 36. e4 Nb5 37. Rxc6 bxc6 38. Bc5 Rxb3 0-1


[Site "https://www.chess.com"]

[Event "Titled Tuesday Blitz January 25 2022"]
[White "Krishnan, Varun"]
[Black "Bryakin, Mikhail"]
[WhiteFideId "5054508"]
[BlackFideId "4165314"]
[WhiteElo "2536"]
[BlackElo "2421"]
[Result "0-1"]
[Round "02"]
[TimeControl "180+1"]
[Date "2022.01.26"]
[WhiteClock "0:00:09"]
[BlackClock "0:00:26"]

1. e4 c5 2. Nf3 e6 3. d4 cxd4 4. Nxd4 Nc6 5. Nc3 Nf6 6. Be2 Bb4 7. O-O Bxc3 8. bxc3 Nxe4 9. Bd3 Nxc3 10. Qg4 O-O 11. Nf3 f5 12. Qh3 Nd5 13. c4 Nf6 14. Ba3 d6 15. Rad1 Qe7 16. Rfe1 Qc7 17. Ng5 Nd4 18. Bb2 e5 19. Bxd4 exd4 20. Nf3 Ne4 21. Nxd4 Bd7 22. Qh4 Rae8 23. Bxe4 fxe4 24. Rxe4 Qxc4 25. h3 Qf7 26. Rxe8 Rxe8 27. Nf3 h6 28. Rxd6 Bc6 29. Rd3 Qxa2 30. Qg3 Qa1+ 31. Kh2 Qf6 32. Rd6 Qe7 33. Rxh6 Bxf3 34. gxf3 Qe5 35. Rg6 Qxg3+ 36. fxg3 Re2+ 37. Kg1 b5 38. Ra6 Re7 39. Kf2 b4 40. Ra4 Rb7 41. Ke3 b3 42. Ra1 a5 43. Kd3 a4 44. Kc3 b2 45. Rb1 a3 46. Kc2 a2 47. Rxb2 Rc7+ 48. Kb3 a1=Q 0-1


[Site "https://www.chess.com"]

[Event "Titled Tuesday Blitz January 25 2022"]
[White "Le, Tuan Minh"]
[Black "Rastbod, Ali"]
[WhiteFideId "12401153"]
[BlackFideId "12567477"]
[WhiteElo "2450"]
[BlackElo "2200"]
[Result "1-0"]
[Round "02"]
[TimeControl "180+1"]
[Date "2022.01.26"]
[WhiteClock "0:01:33"]
[BlackClock "0:01:11"]

1. d4 Nf6 2. Nf3 e6 3. Bf4 d5 4. e3 c5 5. c3 Bd6 6. Nbd2 Qc7 7. Bxd6 Qxd6 8. Ne5 O-O 9. Bd3 Nc6 10. f4 Nd7 11. O-O f6 12. Qh5 f5 13. Ndf3 Ndxe5 14. fxe5 Qe7 15. g4 g6 16. Qh6 fxg4 17. Ng5 Bd7 18. Bxg6 hxg6 19. Rf6 1-0


[Site "https://www.chess.com"]

[Event "Titled Tuesday Blitz January 25 2022"]
[White "Maevsky, Nikolay"]
[Black "Sadhwani, Raunak"]
[WhiteFideId "4198220"]
[BlackFideId "35093487"]
[WhiteElo "2104"]
[BlackElo "2616"]
[Result "0-1"]
[Round "02"]
[TimeControl "180+1"]
[Date "2022.01.26"]
[WhiteClock "0:00:14"]
[BlackClock "0:01:12"]

1. d4 Nf6 2. Nf3 g6 3. c4 Bg7 4. Nc3 O-O 5. e4 d6 6. Be2 h6 7. O-O e5 8. d5 a5 9. Nd2 Na6 10. a3 Nc5 11. b3 Bd7 12. Rb1 Nh7 13. f3 f5 14. b4 axb4 15. axb4 Na4 16. Nxa4 Bxa4 17. Nb3 f4 18. Qd3 g5 19. h3 h5 20. Bd2 Bd7 21. Ra1 Nf6 22. Rxa8 Qxa8 23. Ra1 Qe8 24. c5 g4 25. hxg4 hxg4 26. fxg4 Nxg4 27. c6 bxc6 28. dxc6 Be6 29. b5 Qh5 30. Bxg4 Bxg4 31. Rf1 f3 32. Qe3 Rf4 33. Rf2 fxg2 34. Rxg2 Bf3 35. b6 Bxg2 36. Kxg2 Qg4+ 37. Qg3 Qe2+ 38. Kh3 Qf1+ 39. Kh2 Rf2+ 40. Qxf2 Qxf2+ 41. Kh3 Qxb6 0-1


[Site "https://www.chess.com"]

[Event "Titled Tuesday Blitz January 25 2022"]
[White "Maghsoodloo, Parham"]
[Black "Sokolovsky, Yahli"]
[WhiteFideId "12539929"]
[BlackFideId "2820242"]
[WhiteElo "2630"]
[BlackElo "1770"]
[Result "1-0"]
[Round "02"]
[TimeControl "180+1"]
[Date "2022.01.26"]
[WhiteClock "0:01:11"]
[BlackClock "0:00:03"]

1. d4 d6 2. Nc3 g6 3. e4 Bg7 4. Nf3 a6 5. Be2 b5 6. O-O Nd7 7. a4 b4 8. Nd5 a5 9. c3 e6 10. Ne3 bxc3 11. bxc3 Ne7 12. Rb1 O-O 13. Ba3 Nb6 14. Qc2 Bd7 15. Bb5 Nc6 16. e5 Nc8 17. Qe4 d5 18. Qf4 Re8 19. Ng4 N8e7 20. Nf6+ Bxf6 21. exf6 Nf5 22. g4 Nd6 23. Ne5 Nb8 24. Qh6 Qxf6 25. Bxd7 Nxd7 26. Nxd7 Qf3 27. Ne5 Qxc3 28. Qe3 Qc2 29. Rfc1 Qxa4 30. Rxc7 Nb5 31. Rxf7 Qxd4 32. Qh6 1-0


[Site "https://www.chess.com"]

[Event "Titled Tuesday Blitz January 25 2022"]
[White "Maltsevskaya, Aleksandra"]
[Black "Weetik, Vjacheslav"]
[WhiteFideId "24174041"]
[BlackFideId "4153472"]
[WhiteElo "2283"]
[BlackElo "2469"]
[Result "0-1"]
[Round "02"]
[TimeControl "180+1"]
[Date "2022.01.26"]
[WhiteClock "0:00:04"]
[BlackClock "0:00:52"]

1. e4 c6 2. d4 d5 3. Nc3 dxe4 4. Nxe4 Nf6 5. Nxf6+ exf6 6. Bd3 Bd6 7. c3 O-O 8. Qc2 Re8+ 9. Ne2 h5 10. O-O h4 11. h3 Nd7 12. Bd2 Nf8 13. Rad1 Be6 14. c4 Rc8 15. Bf4 Ng6 16. Bxd6 Qxd6 17. Rfe1 Re7 18. b3 Rce8 19. Bxg6 fxg6 20. Qxg6 Bf7 21. Qg4 Qb4 22. Kf1 Qa5 23. d5 cxd5 24. cxd5 Bxd5 25. b4 Qb5 26. a4 Qc4 27. Rd4 Rxe2 28. Qxe2 Rxe2 0-1


[Site "https://www.chess.com"]

[Event "Titled Tuesday Blitz January 25 2022"]
[White "Mischuk, Dmitry"]
[Black "Krzywda, Andrzej"]
[WhiteFideId "14118734"]
[BlackFideId "1114565"]
[WhiteElo "2256"]
[BlackElo "2098"]
[Result "1-0"]
[Round "02"]
[TimeControl "180+1"]
[Date "2022.01.26"]
[WhiteClock "0:00:21"]
[BlackClock "0:00:11"]

1. e4 c5 2. d4 cxd4 3. Nf3 Nc6 4. Nxd4 g6 5. Nc3 Bg7 6. Be3 Nf6 7. Nxc6 bxc6 8. e5 Ng8 9. Bd4 Qa5 10. Bc4 Bxe5 11. O-O Nh6 12. Re1 f6 13. Bxe5 fxe5 14. Bb3 Qc5 15. Ne4 Qd4 16. Qe2 Qxb2 17. Rab1 Qa3 18. Ng5 Qc5 19. Kh1 a5 20. a4 Ba6 21. Qd2 Ng4 22. Ne4 Qd4 23. Qg5 Nxf2+ 24. Nxf2 Qxf2 25. Qxe5 O-O-O 26. Bc4 d6 27. Bxa6+ Kc7 28. Rb7+ Kc8 29. Qe6+ Rd7 30. Qxd7# 1-0


[Site "https://www.chess.com"]

[Event "Titled Tuesday Blitz January 25 2022"]
[White "Morris-Suzuki, Sophie"]
[Black "Samunenkov, Ihor"]
[WhiteFideId "30922615"]
[BlackFideId "14187086"]
[WhiteElo "2521"]
[BlackElo "2406"]
[Result "0-1"]
[Round "02"]
[TimeControl "180+1"]
[Date "2022.01.26"]
[WhiteClock "0:00:03"]
[BlackClock "0:00:17"]

1. d4 Nf6 2. c4 e6 3. Nc3 Bb4 4. e3 O-O 5. a3 Bxc3+ 6. bxc3 c5 7. Bd3 d6 8. e4 Nc6 9. Ne2 b6 10. f4 Ba6 11. e5 Ne8 12. Be3 Na5 13. f5 exf5 14. O-O Nxc4 15. Bxc4 Bxc4 16. Rxf5 dxe5 17. Rxe5 f6 18. Re4 Nd6 19. Rf4 Re8 20. Qd2 Qe7 21. Rf3 Bd5 22. Rg3 Nc4 23. Qd3 Nxe3 24. Nf4 Bc4 0-1


[Site "https://www.chess.com"]

[Event "Titled Tuesday Blitz January 25 2022"]
[White "Nakamura, Hikaru"]
[Black "Seul, Georg"]
[WhiteFideId "2016192"]
[BlackFideId "4601653"]
[WhiteElo "2850"]
[BlackElo "2271"]
[Result "1-0"]
[Round "02"]
[TimeControl "180+1"]
[Date "2022.01.26"]
[WhiteClock "0:01:27"]
[BlackClock "0:00:02"]

1. Nf3 Nf6 2. b3 d5 3. g3 c6 4. Bb2 Bg4 5. h3 Bxf3 6. exf3 Nbd7 7. f4 Qc7 8. Bg2 e5 9. fxe5 Nxe5 10. Qe2 Ne4 11. Bxe4 dxe4 12. Qxe4 O-O-O 13. Bxe5 Re8 14. d4 f6 15. f4 fxe5 16. O-O Qd7 17. fxe5 Qxh3 18. Qg2 Qg4 19. c3 c5 20. Nd2 cxd4 21. Rf4 Qg6 22. cxd4 Kb8 23. Nc4 Be7 24. Raf1 Bg5 25. Nd6 Re7 26. Rf8+ Rxf8 27. Rxf8+ Kc7 28. Qxb7# 1-0


[Site "https://www.chess.com"]

[Event "Titled Tuesday Blitz January 25 2022"]
[White "Nasuta, Grzegorz"]
[Black "Sinitsina, Anastassia"]
[WhiteFideId "1141686"]
[BlackFideId "4504640"]
[WhiteElo "2396"]
[BlackElo "2144"]
[Result "1-0"]
[Round "02"]
[TimeControl "180+1"]
[Date "2022.01.26"]
[WhiteClock "0:00:17"]
[BlackClock "0:01:08"]

1. e4 e5 2. Nf3 Nc6 3. d4 exd4 4. Nxd4 Nf6 5. Nxc6 bxc6 6. e5 Qe7 7. Qe2 Nd5 8. c4 Ba6 9. Nd2 g6 10. Nf3 Bg7 11. Bg5 Qb4+ 12. Qd2 Qxd2+ 13. Bxd2 Nb6 14. b3 d6 15. O-O-O dxe5 16. Nxe5 Bxe5 17. Re1 f6 18. f4 Nd7 19. fxe5 Nxe5 20. Bc3 O-O 21. Bxe5 fxe5 22. Rxe5 Rae8 23. Rxe8 Rxe8 24. Bd3 c5 25. Rf1 Bb7 26. g3 Kg7 27. Kd2 Bc6 28. Kc3 Re5 29. b4 cxb4+ 30. Kxb4 a5+ 31. Kc3 Re7 32. a3 Be8 33. Rb1 Bc6 34. Kd4 Rd7+ 35. Kc5 Rxd3 36. Kxc6 Rxa3 37. c5 Ra2 38. h4 Rc2 39. Ra1 Rc3 40. Rxa5 Rxg3 41. Kxc7 Rg4 42. c6 Rxh4 43. Kd6 Rd4+ 44. Rd5 Rc4 45. c7 Rxc7 46. Kxc7 Kf6 47. Kd6 h5 48. Kc5 h4 49. Kd4 g5 50. Ke4 1-0


[Site "https://www.chess.com"]

[Event "Titled Tuesday Blitz January 25 2022"]
[White "Nasyrova, Ekaterina"]
[Black "Dronavalli, Harika"]
[WhiteFideId "44157797"]
[BlackFideId "5015197"]
[WhiteElo "2068"]
[BlackElo "2382"]
[Result "0-1"]
[Round "02"]
[TimeControl "180+1"]
[Date "2022.01.26"]
[WhiteClock "0:00:20"]
[BlackClock "0:01:43"]

1. d4 Nf6 2. c4 c5 3. d5 e6 4. Nc3 exd5 5. cxd5 d6 6. e4 g6 7. f4 Bg7 8. Bb5+ Nfd7 9. Nf3 O-O 10. O-O a6 11. Bd3 b5 12. Re1 Re8 13. Be3 Nf6 14. e5 Ng4 15. Ne4 Nxe3 16. Rxe3 dxe5 17. Nxc5 Qxd5 18. Qc2 Ra7 19. Be4 Qd8 20. Rd1 Qb6 21. fxe5 b4 22. Kf2 Rc7 23. Rc1 Nd7 24. Na4 Rxc2+ 25. Rxc2 Qa7 26. Ke2 Nxe5 27. Nc5 Nxf3 28. gxf3 Bd4 0-1


[Site "https://www.chess.com"]

[Event "Titled Tuesday Blitz January 25 2022"]
[White "Nazari, Arad"]
[Black "Guseva, Marina"]
[WhiteFideId "12577324"]
[BlackFideId "4149351"]
[WhiteElo "2120"]
[BlackElo "2232"]
[Result "0-1"]
[Round "02"]
[TimeControl "180+1"]
[Date "2022.01.26"]
[WhiteClock "0:00:23"]
[BlackClock "0:00:28"]

1. e4 c5 2. Nf3 d6 3. Bb5+ Nd7 4. O-O a6 5. Bxd7+ Bxd7 6. d4 cxd4 7. Qxd4 Nf6 8. c4 Bc6 9. Nc3 e6 10. Qd3 Be7 11. b3 O-O 12. a4 b5 13. Ba3 bxa4 14. Nxa4 Bxe4 15. Qe3 Rb8 16. Rfd1 Qc7 17. Nd4 Ba8 18. Rac1 Qb7 19. f3 Rfd8 20. Rd3 h6 21. Re1 Bf8 22. c5 dxc5 23. Bxc5 Bxc5 24. Nxc5 Qa7 25. Rc1 Nd5 26. Qe5 Nb4 27. Rdd1 Rbc8 28. Rc4 Nc6 29. Qe3 Nxd4 30. Rdxd4 Rxd4 31. Qxd4 Bd5 32. Rc3 Bxb3 33. Rxb3 Qxc5 34. Qxc5 Rxc5 35. Rb8+ Kh7 36. Ra8 Ra5 37. h3 h5 38. Kh2 h4 39. Ra7 Kg6 40. Ra8 Ra1 41. Ra7 f6 42. Ra8 e5 43. Ra7 a5 44. Ra8 Kf5 45. Ra7 g5 46. Ra6 a4 47. Ra5 Kf4 48. Ra6 f5 49. Ra8 a3 50. Ra4+ e4 51. fxe4 fxe4 52. Ra8 e3 53. Rf8+ Ke4 54. Re8+ Kd3 55. Rd8+ Ke2 56. Ra8 Kf2 57. Rf8+ Ke1 58. g3 e2 59. gxh4 gxh4 60. Ra8 Kd2 61. Rd8+ Kc3 62. Rc8+ Kb4 63. Rb8+ Kc3 64. Rc8+ Kb3 65. Rb8+ Ka2 0-1


[Site "https://www.chess.com"]

[Event "Titled Tuesday Blitz January 25 2022"]
[White "Noboa Silva, Kevin"]
[Black "Fawzy, Adham"]
[WhiteFideId "3618471"]
[BlackFideId "10613129"]
[WhiteElo "2161"]
[BlackElo "2510"]
[Result "0-1"]
[Round "02"]
[TimeControl "180+1"]
[Date "2022.01.26"]
[WhiteClock "0:00:02"]
[BlackClock "0:00:17"]

1. d4 Nf6 2. c4 e6 3. Nc3 Bb4 4. e3 b6 5. Bd3 Bb7 6. Nf3 O-O 7. O-O Bxc3 8. bxc3 d6 9. Ne1 Nbd7 10. f3 c5 11. e4 Qc7 12. Be3 cxd4 13. cxd4 e5 14. Nc2 Ba6 15. Na3 exd4 16. Bxd4 Ne5 17. Rc1 Nfd7 18. Be2 Rfe8 19. Kh1 Nc5 20. Nb5 Qe7 21. Qd2 Rac8 22. Rfd1 Red8 23. Qb2 f6 24. Qa3 Bxb5 25. cxb5 Kh8 26. h3 h5 27. Qe3 Ne6 28. Bb2 g5 29. Qa3 Nf4 30. Rxc8 Rxc8 31. Bf1 Rc2 32. Bxe5 fxe5 33. Rxd6 Kg7 34. g3 Rc5 35. Rc6 Ne6 36. Bc4 Nd4 37. Rxc5 bxc5 38. Qa6 Nxf3 39. Qc8 Qf6 40. Qg8+ Kh6 41. Be2 Nd4 42. Bxh5 c4 0-1


[Site "https://www.chess.com"]

[Event "Titled Tuesday Blitz January 25 2022"]
[White "Nozdrachev, Leonid"]
[Black "Kucuksari, Kaan"]
[WhiteFideId "24113433"]
[BlackFideId "6380166"]
[WhiteElo "2124"]
[BlackElo "2305"]
[Result "1-0"]
[Round "02"]
[TimeControl "180+1"]
[Date "2022.01.26"]
[WhiteClock "0:00:07"]
[BlackClock "0:00:02"]

1. e4 c6 2. Nf3 d5 3. d3 dxe4 4. dxe4 Qxd1+ 5. Kxd1 Bg4 6. Be2 Bxf3 7. Bxf3 Nd7 8. Be2 O-O-O 9. f3 g6 10. Be3 Bh6 11. Bxh6 Nxh6 12. c3 f5 13. Nd2 Nf7 14. Kc2 Nf6 15. Rad1 Kc7 16. Rhe1 e5 17. Bc4 Nd6 18. exf5 Nxf5 19. Rxe5 Rhe8 20. Rde1 Rxe5 21. Rxe5 Nd7 22. Re2 Nb6 23. Bd3 Nd5 24. Bxf5 gxf5 25. g3 Rd7 26. f4 Nf6 27. Re5 Ng4 28. Re2 c5 29. h3 Nf6 30. Re5 Nd5 31. a3 b6 32. c4 Ne7 33. Nb1 Nc6 34. Rd5 Nd4+ 35. Kd3 Rg7 36. g4 fxg4 37. hxg4 Rxg4 38. Nc3 Rxf4 39. Rh5 Rf7 40. Rh6 Kd7 41. Nd5 Nf5 42. Rxh7 Rxh7 43. Nf6+ Ke6 44. Nxh7 Ke5 45. Nf8 Kd6 46. Ng6 Nd4 47. Nf4 Nb3 48. Nd5 Na5 49. Nc3 Nc6 50. Nb5+ Ke5 51. Kc3 Ke4 52. Nd6+ Ke3 53. Nc8 Ke4 54. b4 Ke5 55. b5 Nb8 56. Nxa7 Kd6 57. Nc8+ Kc7 58. Ne7 Kd6 59. Nd5 Nd7 60. a4 Ke5 61. Kd3 Kd6 62. Kc3 Ke5 63. Kb3 Kd6 64. a5 bxa5 65. Ka4 Ne5 66. Ne3 Kc7 67. Kxa5 Kb7 68. Ka4 Nf3 69. Kb3 Nd4+ 70. Kc3 Ne2+ 71. Kd3 Nc1+ 72. Ke4 Nb3 73. Kd5 Kb6 74. Ng4 Ka5 75. Ne5 Kb4 76. Nd3+ Ka5 77. Nxc5 Nd2 78. Ne4 Nb3 79. Nc5 Nd2 80. Nd7 Kb4 81. b6 Nxc4 82. b7 Ne3+ 83. Kc6 Kc4 84. b8=Q Nf5 85. Qe5 Nd4+ 86. Kb7 Nb5 87. Qc5+ 1-0


[Site "https://www.chess.com"]